TOP OF THE 1ST |
Shreveport Braves batting - Pitching for Memphis Blues : RHP John Beckwith
|
Pitching: RHP John Beckwith
|
|
Batting: LHB Rusty McNealy
|
0-0: Bunt for hit to 2L - play at first, batter OUT! 2-3
|
Batting: LHB Robert Loscalzo
|
0-0: Foul Ball, location: 2F 0-1: Swinging Strike 0-2: Ball 1-2: Foul Ball, location: 2F 1-2: Strikes out swinging
|
Batting: SHB Sap Randall
|
0-0: Called Strike 0-1: Ball 1-1: Foul Ball, location: 2F 1-2: DOUBLE (Line Drive, 89D, EV 106.9 MPH)
|
Batting: RHB Alfonso Gomez
|
0-0: Called Strike 0-1: Foul Ball, location: 2F 0-2: Fly out, F4 (Popup, 4D, EV 56.3 MPH)
|
Top of the 1st over - 0 runs, 1 hit, 0 errors, 1 left on base; Shreveport 0 - Memphis 0 |
BOTTOM OF THE 1ST |
Memphis Blues batting - Pitching for Shreveport Braves : LHP Javier Cruc
|
Pitching: LHP Javier Cruc
|
|
Batting: RHB Mariano Duncan
|
0-0: Ball 1-0: Foul Ball, location: 2F 1-1: Ball 2-1: Ball 3-1: Bunt missed! 3-2: Ground out 6-3 (Groundball, 6, EV 110.0 MPH)
|
Batting: RHB Augustine Garrett
|
0-0: Foul Ball, location: 2F 0-1: Ball 1-1: Ground out 5-3 (Groundball, 56, EV 110.0 MPH)
|
Batting: LHB David Christianson
|
0-0: Called Strike 0-1: Called Strike 0-2: SINGLE (Line Drive, 89M, EV 92.5 MPH)
|
Batting: RHB Chris James
|
0-0: Called Strike 0-1: Ball 1-1: Called Strike 1-2: Ball 2-2: Fielders Choice at 2nd, 6-4 (Groundball, 6, EV 84.4 MPH)
|
Bottom of the 1st over - 0 runs, 1 hit, 0 errors, 1 left on base; Shreveport 0 - Memphis 0 |
TOP OF THE 2ND |
Shreveport Braves batting - Pitching for Memphis Blues : RHP John Beckwith
|
Batting: LHB Tracy Dophied
|
0-0: Ball 1-0: Ball 2-0: Ball 3-0: Base on Balls
|
Batting: RHB Thomas Popovich
|
0-0: Called Strike 0-1: Ball 1-1: Ball 2-1: Foul Ball, location: 2F 2-2: Ball 3-2: Base on Balls Tracy Dophied to second
|
Batting: SHB Michael Lessard
|
0-0: Ball 1-0: Ball 2-0: Fly out, F7 (Line Drive, 7D, EV 108.1 MPH) Runner from 2nd tags up, SAFE at 3rd, no throw by LF
|
Batting: RHB Therron Harper
|
0-0: Grounds into double play, 4-6-3 (Groundball, 4, EV 96.9 MPH)
|
Top of the 2nd over - 0 runs, 0 hits, 0 errors, 1 left on base; Shreveport 0 - Memphis 0 |
BOTTOM OF THE 2ND |
Memphis Blues batting - Pitching for Shreveport Braves : LHP Javier Cruc
|
Batting: RHB Randy Filkins
|
0-0: Swinging Strike 0-1: Foul Ball, location: 2F 0-2: Ball 1-2: Ground out 4-3 (Groundball, 4M, EV 106.3 MPH)
|
Batting: RHB Dave Penniall
|
0-0: Ground out 6-3 (Groundball, 6S, EV 80.0 MPH)
|
Batting: RHB Bradley Shames
|
0-0: SINGLE (Groundball, 6D, EV 107.5 MPH)
|
Batting: LHB Don Jacoby
|
0-0: Called Strike 0-1: Foul Ball, location: 2F 0-2: Strikes out swinging
|
Bottom of the 2nd over - 0 runs, 1 hit, 0 errors, 1 left on base; Shreveport 0 - Memphis 0 |
TOP OF THE 3RD |
Shreveport Braves batting - Pitching for Memphis Blues : RHP John Beckwith
|
Batting: RHB Jeff Matthews
|
0-0: Called Strike 0-1: Ball 1-1: Foul Ball, location: 2F 1-2: Ball 2-2: Ball 3-2: Ground out 4-3 (Groundball, 4, EV 79.4 MPH)
|
Batting: LHB Rusty McNealy
|
0-0: Ball 1-0: Ball 2-0: Ball 3-0: Base on Balls
|
Batting: LHB Robert Loscalzo
|
0-0: Ball 1-0: Foul Ball, location: 2F 1-1: Swinging Strike 1-2: Foul Ball, location: 2F 1-2: Fielders Choice at 2nd, 3-6 (Groundball, 34S, EV 85.6 MPH)
|
Batting: SHB Sap Randall
|
0-0: Called Strike 0-1: Ball 1-1: Ball 2-1: Ball 3-1: Base on Balls Robert Loscalzo to second
|
Batting: RHB Alfonso Gomez
|
0-0: Ball 1-0: Swinging Strike 1-1: Called Strike 1-2: Foul Ball, location: 2F 1-2: Strikes out looking
|
Top of the 3rd over - 0 runs, 0 hits, 0 errors, 2 left on base; Shreveport 0 - Memphis 0 |
BOTTOM OF THE 3RD |
Memphis Blues batting - Pitching for Shreveport Braves : LHP Javier Cruc
|
Batting: RHB William Muth
|
0-0: Ball 1-0: Fly out, F7 (Line Drive, 7D, EV 91.9 MPH)
|
Batting: RHB Mariano Duncan
|
0-0: Ball 1-0: Fly out, F7 (Flyball, 78D, EV 104.4 MPH)
|
Batting: RHB Augustine Garrett
|
0-0: Ball 1-0: Foul Ball, location: 2F 1-1: Foul Ball, location: 2F 1-2: Ball 2-2: Ball 3-2: Base on Balls
|
Batting: LHB David Christianson
|
0-0: Ball 1-0: Foul Ball, location: 2F 1-1: Ball Augustine Garrett steals 2nd, throwing error, E2 Augustine Garrett to third 2-1: SINGLE (Line Drive, 56D, EV 102.5 MPH) Augustine Garrett scores
|
Batting: RHB Chris James
|
0-0: Called Strike 0-1: Ball 1-1: Ground out 4-3 (Groundball, 4, EV 78.8 MPH)
|
Bottom of the 3rd over - 1 run, 1 hit, 1 error, 1 left on base; Shreveport 0 - Memphis 1 |
TOP OF THE 4TH |
Shreveport Braves batting - Pitching for Memphis Blues : RHP John Beckwith
|
Batting: LHB Tracy Dophied
|
0-0: Swinging Strike 0-1: Ball 1-1: SINGLE (Groundball, 4M, EV 95.0 MPH)
|
Batting: RHB Thomas Popovich
|
0-0: Ball 1-0: Ball 2-0: Ball 3-0: Called Strike 3-1: Fly out, F9 (Flyball, 9LS, EV 88.8 MPH)
|
Batting: SHB Michael Lessard
|
0-0: Called Strike 0-1: Called Strike 0-2: Ball 1-2: Strikes out swinging
|
Batting: RHB Therron Harper
|
0-0: Foul Ball, location: 2F 0-1: Ball 1-1: Fly out, F6 (Flyball, 56D, EV 76.3 MPH)
|
Top of the 4th over - 0 runs, 1 hit, 0 errors, 1 left on base; Shreveport 0 - Memphis 1 |
BOTTOM OF THE 4TH |
Memphis Blues batting - Pitching for Shreveport Braves : LHP Javier Cruc
|
Batting: RHB Randy Filkins
|
0-0: Fly out, F8 (Line Drive, 8LM, EV 93.1 MPH)
|
Batting: RHB Dave Penniall
|
0-0: Ball 1-0: Ball 2-0: Ball 3-0: Base on Balls
|
Batting: RHB Bradley Shames
|
0-0: Ball 1-0: Foul Ball, location: 2F 1-1: Fly out, F4 (Popup, 4S, EV 62.5 MPH)
|
Batting: LHB Don Jacoby
|
0-0: Ball 1-0: DOUBLE (Groundball, 3L, EV 103.1 MPH) Dave Penniall to third Runner from 3rd tries for Home, SAFE, throw by RF to home
|
Batting: RHB William Muth
|
0-0: DOUBLE (Line Drive, 3D, EV 96.9 MPH) Don Jacoby scores
|
Batting: RHB Mariano Duncan
|
0-0: Ball 1-0: Ball 2-0: Ground out 5-3 (Groundball, 56S, EV 83.8 MPH)
|
Bottom of the 4th over - 2 runs, 2 hits, 0 errors, 1 left on base; Shreveport 0 - Memphis 3 |
TOP OF THE 5TH |
Shreveport Braves batting - Pitching for Memphis Blues : RHP John Beckwith
|
Batting: RHB Jeff Matthews
|
0-0: Ball 1-0: Ground out 4-3 (Groundball, 4MS, EV 88.8 MPH)
|
Batting: LHB Rusty McNealy
|
0-0: Foul Ball, location: 2F 0-1: Called Strike 0-2: Ball 1-2: DOUBLE (Line Drive, 89D, EV 105.6 MPH)
|
Batting: LHB Robert Loscalzo
|
0-0: Ball 1-0: Ball 2-0: Ball 3-0: Called Strike 3-1: Base on Balls
|
Batting: SHB Sap Randall
|
0-0: Called Strike 0-1: Hit by Pitch Rusty McNealy to third Robert Loscalzo to second
|
Batting: RHB Alfonso Gomez
|
0-0: SINGLE (Groundball, 6MD, EV 98.1 MPH) Rusty McNealy scores Robert Loscalzo to third Sap Randall to second Runner from 3rd tries for Home, SAFE, throw by CF to home
|
Batting: LHB Tracy Dophied
|
0-0: Called Strike 0-1: Foul Ball, location: 2F 0-2: Ball 1-2: SINGLE (Groundball, 4D, EV 95.0 MPH) Sap Randall to third Alfonso Gomez to second Runner from 3rd tries for Home, SAFE, throw by RF to home
|
Batting: RHB Thomas Popovich
|
0-0: Foul Ball, location: 2F 0-1: Ball 1-1: Called Strike 1-2: Ball 2-2: SINGLE (Flyball, 6MD, EV 87.5 MPH) Alfonso Gomez to third Tracy Dophied to second
|
Batting: SHB Michael Lessard
|
0-0: Ball 1-0: Fly out, F8 (Flyball, 8RS, EV 86.9 MPH)
|
Batting: RHB Therron Harper
|
0-0: Ball 1-0: Ball 2-0: Ball 3-0: Called Strike 3-1: Reached on error, E4 (Groundball, 4M, EV 106.3 MPH) Alfonso Gomez scores Tracy Dophied to third Thomas Popovich to second
|
Batting: RHB Jeff Matthews
|
0-0: Ball 1-0: Ball 2-0: Ball 3-0: Called Strike 3-1: Foul Ball, location: 2F 3-2: Base on Balls Tracy Dophied scores Thomas Popovich to third Therron Harper to second
|
Batting: LHB Rusty McNealy
|
0-0: Called Strike 0-1: Ball 1-1: Called Strike 1-2: Ball 2-2: Ball 3-2: DOUBLE (Line Drive, 5D, EV 95.0 MPH) Thomas Popovich scores Therron Harper scores Jeff Matthews to third Jeff Matthews scores
|
Pitching: RHP Anthony Threatt
|
|
Batting: LHB Robert Loscalzo
|
0-0: Ground out 4-3 (Groundball, 4M, EV 89.4 MPH)
|
Top of the 5th over - 8 runs, 5 hits, 1 error, 1 left on base; Shreveport 8 - Memphis 3 |
BOTTOM OF THE 5TH |
Memphis Blues batting - Pitching for Shreveport Braves : LHP Javier Cruc
|
Batting: RHB Augustine Garrett
|
0-0: Foul Ball, location: 2F 0-1: Ball 1-1: SINGLE (Groundball, 5S, EV 75.6 MPH) (infield hit)
|
Batting: LHB David Christianson
|
0-0: Called Strike 0-1: Ball 1-1: Ball 2-1: Ball 3-1: Base on Balls Augustine Garrett to second
|
Batting: RHB Chris James
|
0-0: SINGLE (Groundball, 56D, EV 96.3 MPH) Augustine Garrett to third David Christianson to second
|
Batting: RHB Randy Filkins
|
0-0: Ball 1-0: Foul Ball, location: 2F 1-1: Ball 2-1: Ball 3-1: Base on Balls Augustine Garrett scores David Christianson to third Chris James to second
|
Batting: RHB Dave Penniall
|
0-0: Foul Ball, location: 2F 0-1: Foul Ball, location: 2F 0-2: Foul Ball, location: 2F 0-2: Ball 1-2: Ball 2-2: Foul Ball, location: 2F 2-2: SINGLE (Line Drive, 89S, EV 96.9 MPH) David Christianson scores Chris James to third Randy Filkins to second
|
Batting: RHB Bradley Shames
|
0-0: Ball 1-0: Ball 2-0: Called Strike 2-1: Grounds into fielders choice 4-2 (Groundball, 4, EV 102.5 MPH) Randy Filkins to third Dave Penniall to second
|
Batting: LHB Don Jacoby
|
0-0: Ball 1-0: Called Strike 1-1: Ball 2-1: Foul Ball, location: 2F 2-2: Ball 3-2: Fly out, F8 (Flyball, 8RXD, EV 93.1 MPH) Runner from 3rd tags up, SCORES, no throw by CF Dave Penniall to third
|
Batting: RHB William Muth
|
0-0: Ball 1-0: Ground out 6-3 (Groundball, 56, EV 105.6 MPH)
|
Bottom of the 5th over - 3 runs, 3 hits, 0 errors, 2 left on base; Shreveport 8 - Memphis 6 |
TOP OF THE 6TH |
Shreveport Braves batting - Pitching for Memphis Blues : RHP Anthony Threatt
|
Batting: SHB Sap Randall
|
0-0: Ball 1-0: Foul Ball, location: 2F 1-1: Ground out U3 (Groundball, 3, EV 78.8 MPH)
|
Batting: RHB Alfonso Gomez
|
0-0: Ball 1-0: Foul Ball, location: 2F 1-1: SOLO HOME RUN (Flyball, 7D, EV 100.0 MPH), Distance : 355 ft
|
Batting: LHB Tracy Dophied
|
0-0: Called Strike 0-1: Foul Ball, location: 2F 0-2: Foul Ball, location: 2F 0-2: Ball 1-2: Foul Ball, location: 2F 1-2: Fly out, F8 (Flyball, 78D, EV 79.4 MPH)
|
Batting: RHB Thomas Popovich
|
0-0: Ball 1-0: Called Strike 1-1: Swinging Strike 1-2: Ball 2-2: Ball 3-2: Strikes out swinging
|
Top of the 6th over - 1 run, 1 hit, 0 errors, 0 left on base; Shreveport 9 - Memphis 6 |
BOTTOM OF THE 6TH |
Memphis Blues batting - Pitching for Shreveport Braves : LHP Javier Cruc
|
Pitching: RHP Cecilio Guante
|
|
Batting: RHB Mariano Duncan
|
0-0: Ball 1-0: Called Strike 1-1: Swinging Strike 1-2: Foul Ball, location: 2F 1-2: Ball 2-2: Strikes out looking
|
Batting: RHB Augustine Garrett
|
0-0: Ball 1-0: Called Strike 1-1: Ball 2-1: Foul Ball, location: 2F 2-2: Ground out U3 (Groundball, 13, EV 94.4 MPH)
|
Batting: LHB David Christianson
|
0-0: Called Strike 0-1: Ball 1-1: Ball 2-1: Ground out U3 (Groundball, 3L, EV 83.1 MPH)
|
Bottom of the 6th over - 0 runs, 0 hits, 0 errors, 0 left on base; Shreveport 9 - Memphis 6 |
TOP OF THE 7TH |
Shreveport Braves batting - Pitching for Memphis Blues : RHP Anthony Threatt
|
Batting: SHB Michael Lessard
|
0-0: Reached on error, E5 (Groundball, 5, EV 91.3 MPH)
|
Batting: RHB Therron Harper
|
0-0: Ball 1-0: Ball 2-0: Ball 3-0: Base on Balls
|
Batting: RHB Jeff Matthews
|
0-0: Swinging Strike 0-1: Ball 1-1: Bunt missed! 1-2: Strikes out looking
|
Batting: LHB Rusty McNealy
|
0-0: Swinging Strike 0-1: Ball 1-1: Swinging Strike 1-2: Ball 2-2: Fly out, F9 (Flyball, 9, EV 95.6 MPH)
|
Batting: LHB Robert Loscalzo
|
0-0: Ball 1-0: Ball 2-0: Called Strike 2-1: Called Strike 2-2: Strikes out looking
|
Top of the 7th over - 0 runs, 0 hits, 1 error, 2 left on base; Shreveport 9 - Memphis 6 |
BOTTOM OF THE 7TH |
Memphis Blues batting - Pitching for Shreveport Braves : RHP Cecilio Guante
|
Batting: RHB Chris James
|
0-0: SOLO HOME RUN (Flyball, 78XD, EV 107.5 MPH), Distance : 411 ft
|
Batting: RHB Randy Filkins
|
0-0: Ball 1-0: Foul Ball, location: 2F 1-1: Foul Ball, location: 2F 1-2: Foul Ball, location: 2F 1-2: Foul Ball, location: 2F 1-2: Ball 2-2: SINGLE (Line Drive, 89M, EV 107.5 MPH)
|
Batting: RHB Dave Penniall
|
0-0: Called Strike 0-1: Called Strike 0-2: Strikes out looking
|
Batting: RHB Bradley Shames
|
0-0: Swinging Strike 0-1: Foul Ball, location: 2F 0-2: Strikes out swinging
|
Batting: LHB Don Jacoby
|
0-0: Ball 1-0: Swinging Strike 1-1: Ball 2-1: Swinging Strike 2-2: Fly out, F9 (Flyball, 9S, EV 89.4 MPH)
|
Bottom of the 7th over - 1 run, 2 hits, 0 errors, 1 left on base; Shreveport 9 - Memphis 7 |
TOP OF THE 8TH |
Shreveport Braves batting - Pitching for Memphis Blues : RHP Anthony Threatt
|
Pitching: RHP Mark Huismann
|
|
Batting: SHB Sap Randall
|
0-0: Ball 1-0: Called Strike 1-1: Ball 2-1: Ground out U3 (Groundball, 34, EV 111.3 MPH)
|
Batting: RHB Alfonso Gomez
|
0-0: Swinging Strike 0-1: Foul Ball, location: 2F 0-2: Ball 1-2: Ball 2-2: Strikes out swinging
|
Batting: LHB Tracy Dophied
|
0-0: Ball 1-0: Foul Ball, location: 2F 1-1: Ball 2-1: Called Strike 2-2: Ball 3-2: Foul Ball, location: 2F 3-2: Foul Ball, location: 2F 3-2: Base on Balls
|
Batting: RHB Thomas Popovich
|
0-0: Foul Ball, location: 2F 0-1: Ball 1-1: Ball 2-1: Foul Ball, location: 2F 2-2: Foul Ball, location: 2F 2-2: 2-RUN HOME RUN (Flyball, 78XD, EV 96.3 MPH), Distance : 448 ft
|
Batting: SHB Michael Lessard
|
0-0: Ball 1-0: Ball 2-0: Ball 3-0: Called Strike 3-1: Foul Ball, location: 2F 3-2: Strikes out looking
|
Top of the 8th over - 2 runs, 1 hit, 0 errors, 0 left on base; Shreveport 11 - Memphis 7 |
BOTTOM OF THE 8TH |
Memphis Blues batting - Pitching for Shreveport Braves : RHP Cecilio Guante
|
Batting: RHB William Muth
|
0-0: Ball 1-0: Called Strike 1-1: Foul Ball, location: 2F 1-2: Strikes out looking
|
Batting: RHB Mariano Duncan
|
0-0: Fly out, F9 (Flyball, 89S, EV 87.5 MPH)
|
Batting: RHB Augustine Garrett
|
0-0: Ball 1-0: DOUBLE (Groundball, 5L, EV 105.6 MPH)
|
Pitching: RHP Jay Pettibone
|
|
Batting: LHB David Christianson
|
0-0: Ball 1-0: Called Strike 1-1: Called Strike 1-2: Foul Ball, location: 2F 1-2: Ball 2-2: Foul Ball, location: 2F 2-2: 2-RUN HOME RUN (Flyball, 9D, EV 103.1 MPH), Distance : 369 ft
|
Batting: RHB Chris James
|
0-0: Ball 1-0: Ball 2-0: Called Strike 2-1: Foul Ball, location: 2F 2-2: Foul Ball, location: 2F 2-2: Strikes out swinging
|
Bottom of the 8th over - 2 runs, 2 hits, 0 errors, 0 left on base; Shreveport 11 - Memphis 9 |
TOP OF THE 9TH |
Shreveport Braves batting - Pitching for Memphis Blues : RHP Mark Huismann
|
Batting: RHB Therron Harper
|
0-0: Called Strike 0-1: Reached on error, E6 (Groundball, 56, EV 101.9 MPH)
|
Batting: RHB Jeff Matthews
|
0-0: Called Strike 0-1: Bunted foul 0-2: Fielders Choice at 2nd, 5-4 (Groundball, 56, EV 83.1 MPH)
|
Batting: LHB Rusty McNealy
|
0-0: Ball 1-0: Reached on error, E4 (Groundball, 34, EV 89.4 MPH) Jeff Matthews to second
|
Batting: LHB Robert Loscalzo
|
0-0: Swinging Strike 0-1: Foul Ball, location: 2F 0-2: Ball 1-2: Strikes out swinging
|
Batting: SHB Sap Randall
|
0-0: SINGLE (Groundball, 6M, EV 107.5 MPH) (infield hit) Jeff Matthews to third Rusty McNealy to second
|
Batting: RHB Alfonso Gomez
|
0-0: Ball 1-0: Foul Ball, location: 2F 1-1: Ball 2-1: Foul Ball, location: 2F 2-2: Strikes out swinging
|
Top of the 9th over - 0 runs, 1 hit, 2 errors, 3 left on base; Shreveport 11 - Memphis 9 |
BOTTOM OF THE 9TH |
Memphis Blues batting - Pitching for Shreveport Braves : RHP Jay Pettibone
|
Pitching: RHP Philip Costello
|
|
Batting: RHB Randy Filkins
|
0-0: Ball 1-0: SINGLE (Line Drive, 34D, EV 101.3 MPH)
|
Batting: RHB Dave Penniall
|
0-0: Ball 1-0: Fly out, F9 (Flyball, 9, EV 83.8 MPH)
|
Batting: RHB Bradley Shames
|
0-0: Ball 1-0: Foul Ball, location: 2F 1-1: Fly out, F9 (Flyball, 89M, EV 95.6 MPH)
|
Batting: LHB Don Jacoby
|
0-0: Ball 1-0: Fly out, F8 (Flyball, 8RXD, EV 88.8 MPH)
|
Bottom of the 9th over - 0 runs, 1 hit, 0 errors, 1 left on base; Shreveport 11 - Memphis 9 |
|